 Dungeon Crawl Stone Soup version 0.27-a0-1277-g3808f8b1c9 (webtiles) character file.

Game seed: 5273364177710808474

327 Glokmah the Cudgeller (level 6, -11/63 HPs)
             Began as an Ogre Gladiator on June 12, 2021.
             Mangled by Dowan (19 damage)
             ... on level 7 of the Dungeon.
             The game lasted 00:05:11 (3434 turns).

Glokmah the Cudgeller (Ogre Gladiator)              Turns: 3434, Time: 00:05:11

Health: -11/63     AC:  7    Str: 19    XL:     6   Next: 50%
Magic:  6/6        EV: 10    Int:  9    God:
Gold:   138        SH:  0    Dex: 12    Spells: 3/5 levels left

rFire    . . .     SeeInvis .   a - +0 flail
rCold    . . .     Faith    .   (no shield)
rNeg     . . .     Spirit   .   b - +0 robe
rPois    .         Reflect  .   c - +0 hat
rElec    .         Harm     .   (no cloak)
rCorr    .         Rampage  .   (gloves unavailable)
Will     .....                  (boots unavailable)
Stlth    +.........             h - amulet of the acrobat
HPRegen  0.20/turn              t - +4 ring of protection
MPRegen  0.10/turn              (no ring)

@: no status effects
A: large, unfitting armour, tough skin 1
a: no special abilities


You were on level 7 of the Dungeon.
You visited 1 branch of the dungeon, and saw 5 of its levels.

You collected 138 gold pieces.

Inventory:

Hand Weapons
 a - a +0 flail (weapon)
Missiles
 d - 2 throwing nets
 f - 4 javelins
 g - 108 stones (quivered)
Armour
 b - a +0 robe (worn)
 c - a +0 hat (worn)
Jewellery
 h - an amulet of the acrobat (around neck)
 t - a +4 ring of protection (left hand)
Wands
 o - a wand of polymorph (3)
Scrolls
 e - 3 scrolls of identify
 i - a scroll of fear {unknown}
 j - 2 scrolls of teleportation
 p - a scroll of enchant weapon {unknown}
 q - a scroll of summoning
 s - a scroll of magic mapping {unknown}
Potions
 k - 3 potions of heal wounds {unknown}
 l - a potion of curing {unknown}
 m - 2 potions of brilliance {unknown}
 n - 2 potions of lignification {unknown}
 r - a potion of degeneration {unknown}


   Skills:
 + Level 4.4 Fighting
 * Level 4.5 Maces & Flails
 + Level 3.3 Throwing
 + Level 3.7 Dodging
 + Level 0.4 Spellcasting
 + Level 0.2 Transmutations
 + Level 0.2 Earth Magic


You had 3 spell levels left.
You knew the following spells:

 Your Spells              Type           Power      Damage    Failure   Level
a - Passwall              Tmut/Erth      0%         N/A       47%         2

Your spell library contained the following spells:

 Spells                   Type           Power      Damage    Failure   Level
 Sandblast                Erth           0%         2d4       34%         1
 Stone Arrow              Conj/Erth      0%         3d7       75%         3
 Petrify                  Tmut/Erth      0%         N/A       98%         4
 Lee's Rapid Deconstruct  Erth           0%         3d5*      100%        5


Dungeon Overview and Level Annotations

Branches:
Dungeon (4/15)
 Temple: D:4-7

Altars:
Ashenzari
Yredelemnul

Shops:
D:2 *   D:3 :

Annotations:
D:7 Dowan


Innate Abilities, Weirdness & Mutations

You are too large for most types of armour.
You have tough skin. (AC +1)


Message History

Unknown command.
Dowan points at you and mumbles some strange words.
You resist with some effort.
Found 21 bolts.
You see here a +0 hunting sling.
A hornet comes into view.
The hornet moves out of view.
As you read the scroll labelled AGEMODWOUTO, it crumbles to dust.
It is a scroll of identify.
q - a scroll of summoning
Okay, then.
Dowan casts a spell at you. The puff of flame hits you.
Dowan completely misses you.
You see here a +0 hunting sling.
You miss Dowan.
Dowan hits you with a +1 dagger of electrocution.
You hit Dowan.
Dowan is lightly wounded.
Dowan closely misses you. Dowan hits you but does no damage.
You are electrocuted!
You hit Dowan.
Dowan is lightly wounded.
Dowan hits you with a +1 dagger of electrocution.
You are electrocuted!
You sock Dowan!
Dowan is severely wounded.
Dowan hits you but does no damage.
You closely miss Dowan.
Dowan is severely wounded.
Dowan hits you but does no damage.
You miss Dowan.
Dowan is severely wounded.
Dowan hits you with a +1 dagger of electrocution.
You are electrocuted!
* * * LOW HITPOINT WARNING * * *
You barely miss Dowan.
Dowan is severely wounded.
Dowan hits you but does no damage.
You are electrocuted!!
You die...

#.#..# #.# ...
#.#.# #.# .###
#...####.. .#
###...#### ##
#.#.# # #.#.# #.
#.# # ##.# #e# #
##...# ##@#.####
#.....##.......#
.......#..#.##.#
............#
............#
y........##.#
.......... (#
#.....##.....
##...# ###..#.


You could see Dowan.

Vanquished Creatures
  Sigmund (D:2)
  A bullfrog (D:7)
  Ijyb (D:3)
  Robin (D:3)
  2 adders
  A worm (D:2)
  A bat (D:2)
  6 endoplasms
  11 goblins
  5 hobgoblins
  5 ball pythons
  2 frilled lizards
  11 kobolds
  2 rats (D:3)
50 creatures vanquished.

Notes
Turn   | Place    | Note
-------+----------+-------------------------------------------
     0 | D:1      | Glokmah the Ogre Gladiator began the quest for the Orb.
     0 | D:1      | Reached XP level 1. HP: 22/22 MP: 1/1
   106 | D:1      | Reached XP level 2. HP: 18/29 MP: 2/2
  1413 | D:2      | Reached XP level 3. HP: 17/37 MP: 3/3
  1615 | D:2      | Noticed Sigmund
  1628 | D:2      | Killed Sigmund
  1629 | D:2      | Reached XP level 4. HP: 34/48 MP: 4/4
  1629 | D:2      | Reached XP level 5. HP: 39/54 MP: 5/5
  1923 | D:2      | Found Jofayfoc's Assorted Antiques.
  2307 | D:3      | Noticed Ijyb
  2376 | D:3      | Killed Ijyb
  2377 | D:3      | Reached XP level 6. HP: 40/59 MP: 6/6
  2438 | D:3      | Noticed Robin
  2441 | D:3      | Killed Robin
  2607 | D:3      | Found a basalt altar of Yredelemnul.
  2607 | D:3      | Found a broken altar of Ashenzari.
  2673 | D:3      | Learned a level 2 spell: Passwall
  2717 | D:3      | Found Zix Neha's Book Emporium.
  2896 | D:3      | Found a faded altar of an unknown god.
  3313 | D:4      | You fall into a shaft and drop 3 floors!
  3395 | D:7      | Noticed a water moccasin
  3414 | D:7      | Noticed Dowan
  3423 | D:7      | Noticed a hornet
  3434 | D:7      | Mangled by Dowan

Illustrated notes

Levels and vault maps discovered:
D:1:      dpeg_arrival_connections, layout_basic, minmay_box_of_dots
D:2:      layout_loops_cross, serial_shops, shop, uniq_sigmund
D:3:      layout_loops_ring, gammafunk_temple_overflow_wave,
          shapermc_ecumenical_altar_hornbeckon, serial_shops, shop, minivault_4,
          uniq_robin, uniq_ijyb
D:4:      layout_cave_pools, serial_column_ruins, column_ruins_hut_ruined,
          column_ruins_open_small, column_ruins_open_small,
          column_ruins_columns_corner, column_ruins_open_tiny,
          column_ruins_corridor_straight, column_ruins_grid_1,
          minmay_ogre_servants
D:7:      layout_loops_ring, lemuel_round_altar, uniq_duvessa

Skill      XL: |  1  2  3 |
---------------+----------+-----
Fighting       | 3 4 |  4.4
Maces & Flails | 3 4 |  4.5
Throwing       | 3 |  3.3
Dodging        | 3 |  3.7
Spellcasting   | |  0.4
Transmutations | |  0.2
Earth Magic    | |  0.2

Action                   |  1- 3 |  4- 6 || total
-------------------------+-------+-------++-------
Melee: Flail             |    63 |    79 ||   142
       Unarmed           |       |     2 ||     2
Throw: Stone             |     6 |    10 ||    16
       Javelin           |     4 |       ||     4
       Throwing net      |     3 |       ||     3
  Use: Scroll            |       |     2 ||     2
 Stab: Sleeping          |     1 |       ||     1
       Held in net/web   |     1 |       ||     1
Armor: Robe              |    10 |    19 ||    29
Dodge: Dodged            |    31 |    41 ||    72

Table legend: (Time is in decaauts)
 A = Elapsed time spent in this place.
 B = Non-inter-level travel time spent in this place.
 C = Inter-level travel time spent in this place.
 D = Time resting spent in this place.
 E = Time spent auto-exploring this place.
 F = Levels seen in this place.
 G = Mean time per level.
                   A        B        C        D        E       F      G
               +--------+--------+--------+--------+--------+-----+--------+
         Total |   3477 |   3163 |    314 |    253 |   2303 |   5 |  695.4 |
       Dungeon |   3477 |   3163 |    314 |    253 |   2303 |   5 |  695.4 |
               +--------+--------+--------+--------+--------+-----+--------+

Top non-repeatable levels by time:
     D:1: 1214 daAuts
     D:2: 1076 daAuts
     D:3: 1032 daAuts
     D:7: 122 daAuts
     D:4: 32 daAuts
